[Event "Seniors-LEM-65 Sachsen-Anhalt 2024"]
[Site "Magdeburg"]
[Date "2024.07.07"]
[Round "7.1"]
[White "Koehler, Gerhard"]
[Black "Schnelzer, Reinhold"]
[Result "1-0"]
[ECO "A22"]
[WhiteElo "2204"]
[BlackElo "2162"]
[Annotator "RC"]
[PlyCount "43"]
[EventDate "2024.06.25"]
[EventType "swiss"]
[EventCountry "GER"]
[SourceTitle "playchess.com"]
[Source "ChessBase"]
[SourceQuality "1"]
[TimeControl "40/5400+30:1800+30"]

1. c4 e5 2. Nc3 Nf6 3. g3 Bb4 4. Bg2 O-O 5. Nf3 e4 6. Nd4 Re8 7. Qc2 Bxc3 8. Qxc3 c5 9. Nc2 Nc6 10. O-O d6 11. d3 Bg4 12. Re1 exd3 13. Qxd3 Ne5 14. Qb3 Rb8 15. f4 Nc6 16. Qd3 Qd7 17. Bd2 a6 18. Bc3 Qe7 19. e4 Rbd8 20. h3 Be6 21. Ne3 h6 22. Nd5 1-0

[Event "Seniors-LEM-65 Sachsen-Anhalt 2024"]
[Site "Magdeburg"]
[Date "2024.07.07"]
[Round "7.3"]
[White "Jacob, Helmut"]
[Black "Kahe, Ralph"]
[Result "0-1"]
[ECO "B06"]
[WhiteElo "2047"]
[BlackElo "2129"]
[Annotator "RC"]
[PlyCount "74"]
[EventDate "2024.06.25"]
[EventType "swiss"]
[EventCountry "GER"]
[SourceTitle "playchess.com"]
[Source "ChessBase"]
[SourceQuality "1"]
[TimeControl "40/5400+30:1800+30"]

1. e4 g6 2. d4 Bg7 3. Nc3 a6 4. Be3 b5 5. a3 d6 6. h3 Nd7 7. Nge2 Bb7 8. g4 Ngf6 9. Bg2 Nb6 10. b3 O-O 11. O-O Nfd7 12. Qd2 c5 13. f3 Rc8 14. Nd1 cxd4 15. Nxd4 d5 16. Nf2 e5 17. Ne2 d4 18. Bg5 f6 19. Bh4 g5 20. Bg3 Nc5 21. Nd3 Nxd3 22. cxd3 Rf7 23. Rfc1 Bf8 24. b4 Na4 25. Bf1 Rfc7 26. Be1 Qd7 27. Rxc7 Rxc7 28. Rc1 Bc8 29. Qa2+ Kg7 30. Bd2 Rxc1 31. Nxc1 Qc6 32. Kf2 Be6 33. Qb1 Nc3 34. Qa1 Nd1+ 35. Ke1 Qc2 36. Be2 Nc3 37. Bxc3 dxc3 0-1

[Event "Seniors-LEM-65 Sachsen-Anhalt 2024"]
[Site "Magdeburg"]
[Date "2024.07.07"]
[Round "7.5"]
[White "Schober, Ralf"]
[Black "Erler, Rainer"]
[Result "1/2-1/2"]
[ECO "D02"]
[WhiteElo "2090"]
[BlackElo "2121"]
[Annotator "RC"]
[PlyCount "59"]
[EventDate "2024.06.25"]
[EventType "swiss"]
[EventCountry "GER"]
[SourceTitle "playchess.com"]
[Source "ChessBase"]
[SourceQuality "1"]
[TimeControl "40/5400+30:1800+30"]

1. Nf3 d5 2. d4 c5 3. c3 e6 4. Bf4 Nc6 5. e3 Qb6 6. Qc2 Nf6 7. h3 Bd7 8. Be2 Rc8 9. dxc5 Bxc5 10. Nbd2 O-O 11. O-O Rfe8 12. Ne5 Nxe5 13. Bxe5 Bb5 14. Bxb5 Qxb5 15. Qb3 Qxb3 16. Nxb3 Nd7 17. Bg3 Bb6 18. Rfd1 Nc5 19. Nxc5 Bxc5 20. a4 f6 21. Kf1 Kf7 22. Ke2 Red8 23. f3 e5 24. e4 d4 25. Bf2 Ke7 26. cxd4 Bxd4 27. Bxd4 Rc2+ 28. Rd2 Rxd2+ 29. Kxd2 Rxd4+ 30. Kc3 1/2-1/2

[Event "Seniors-LEM-65 Sachsen-Anhalt 2024"]
[Site "Magdeburg"]
[Date "2024.07.07"]
[Round "7.6"]
[White "Krueger, Erich"]
[Black "Haase, Reinhard"]
[Result "0-1"]
[ECO "D32"]
[WhiteElo "2095"]
[BlackElo "2044"]
[Annotator "RC"]
[PlyCount "61"]
[EventDate "2024.06.25"]
[EventType "swiss"]
[EventCountry "GER"]
[SourceTitle "playchess.com"]
[Source "ChessBase"]
[SourceQuality "1"]
[TimeControl "40/5400+30:1800+30"]

1. d4 d5 2. c4 e6 3. Nc3 c5 4. cxd5 cxd4 5. Qa4+ Bd7 6. Qxd4 exd5 7. Qxd5 Nf6 8. Qd1 Bc5 9. Nf3 O-O 10. e3 Nc6 11. Be2 Qe7 12. O-O Rfd8 13. a3 a5 14. Qc2 Rac8 15. Rd1 Ba7 16. Bd2 Ne5 17. Nxe5 Qxe5 18. Bf3 Bg4 19. Be1 Bb8 20. h3 Bxf3 21. Rxd8+ Rxd8 22. gxf3 Qh2+ 23. Kf1 Qxh3+ 24. Ke2 Qc8 25. Qb3 h5 26. Nb5 b6 27. Bc3 Nd5 28. Bd4 Qe6 29. Kf1 Re8 30. Qd1 Nf4 31. Rc1 0-1

[Event "Seniors-LEM-65 Sachsen-Anhalt 2024"]
[Site "Magdeburg"]
[Date "2024.07.07"]
[Round "7.7"]
[White "Leibovitch, Iziaslav"]
[Black "Renner, Bernd"]
[Result "1-0"]
[ECO "A05"]
[WhiteElo "2105"]
[BlackElo "1997"]
[Annotator "RC"]
[PlyCount "59"]
[EventDate "2024.06.25"]
[EventType "swiss"]
[EventCountry "GER"]
[SourceTitle "playchess.com"]
[Source "ChessBase"]
[SourceQuality "1"]
[TimeControl "40/5400+30:1800+30"]

1. Nf3 Nf6 2. g3 g6 3. Bg2 Bg7 4. O-O O-O 5. d3 c5 6. e4 d6 7. c3 Nc6 8. Nbd2 Bg4 9. h3 Bxf3 10. Qxf3 e5 11. a4 b6 12. Nc4 Ne8 13. Qe2 Rc8 14. Be3 Nc7 15. f4 Qe7 16. f5 Rcd8 17. Qf3 f6 18. fxg6 hxg6 19. Qg4 Kf7 20. Rf2 Qe6 21. Qe2 Ke7 22. a5 b5 23. Nd2 a6 24. Nf3 Nb8 25. Nh4 Kf7 26. Raf1 Ne8 27. Nf3 Ke7 28. d4 c4 29. d5 Qg8 30. Nh4 1-0

[Event "Seniors-LEM-65 Sachsen-Anhalt 2024"]
[Site "Magdeburg"]
[Date "2024.07.07"]
[Round "7.8"]
[White "Kolthoff, Siegmund"]
[Black "Cordes, Lothar"]
[Result "1-0"]
[ECO "E01"]
[WhiteElo "2090"]
[BlackElo "1858"]
[Annotator "NA RC"]
[PlyCount "61"]
[EventDate "2024.06.25"]
[EventType "swiss"]
[EventCountry "GER"]
[SourceTitle "playchess.com"]
[Source "ChessBase"]
[SourceQuality "1"]
[TimeControl "40/5400+30:1800+30"]

1. d4 Nf6 2. c4 e6 3. g3 Bb4+ 4. Nd2 O-O 5. Bg2 d5 6. Ngf3 b6 {[%emt 0:00:28] E01: Catalan: Early deviations.} 7. cxd5 exd5 8. O-O Re8 9. a3 Bd6 10. Nb1 Ne4 11. Re1 Nd7 12. Qb3 Ndf6 13. Bg5 h6 14. Bxf6 Nxf6 15. Nc3 Bb7 16. Nb5 c6 17. Nxd6 Qxd6 18. Rac1 Nd7 19. Qc2 Rac8 20. Bh3 Rc7 21. b4 a5 22. bxa5 bxa5 23. Qc3 Nb6 24. Ne5 c5 25. e3 a4 $2 (25... Nc4 $1 $11 {and Black is okay.}) 26. dxc5 Qxe5 27. Qxe5 Rxe5 28. cxb6 Rc4 $18 29. Bf1 Rc8 30. Rxc8+ Bxc8 31. Rc1 1-0

[Event "Seniors-LEM-65 Sachsen-Anhalt 2024"]
[Site "Magdeburg"]
[Date "2024.07.07"]
[Round "7.9"]
[White "Klettke, Wolfgang"]
[Black "Waagener, Ulrich"]
[Result "1/2-1/2"]
[ECO "B22"]
[WhiteElo "2008"]
[BlackElo "2080"]
[Annotator "RC"]
[PlyCount "53"]
[EventDate "2024.06.25"]
[EventType "swiss"]
[EventCountry "GER"]
[SourceTitle "playchess.com"]
[Source "ChessBase"]
[SourceQuality "1"]
[TimeControl "40/5400+30:1800+30"]

1. e4 c5 2. c3 Qa5 3. Nf3 Nc6 4. Be2 Nf6 5. Qc2 d6 6. h3 e6 7. O-O Be7 8. Na3 O-O 9. Nc4 Qc7 10. d4 b5 11. Ne3 cxd4 12. cxd4 Qb6 13. d5 Ne5 14. dxe6 Bxe6 15. Nf5 Bxf5 16. exf5 Rfc8 17. Qd1 h6 18. Be3 Qb7 19. Qb3 a6 20. Bd4 Nc4 21. Rac1 d5 22. Qd3 Ne4 23. b3 Ncd6 24. g4 Ne8 25. Kg2 Ba3 26. Rxc8 Rxc8 27. Nd2 1/2-1/2

[Event "Seniors-LEM-65 Sachsen-Anhalt 2024"]
[Site "Magdeburg"]
[Date "2024.07.07"]
[Round "7.10"]
[White "Ruether, Rudolf"]
[Black "Gehrmann, Rudolf-Rainer"]
[Result "1-0"]
[ECO "D60"]
[WhiteElo "2065"]
[BlackElo "1980"]
[Annotator "RC"]
[PlyCount "81"]
[EventDate "2024.06.25"]
[EventType "swiss"]
[EventCountry "GER"]
[SourceTitle "playchess.com"]
[Source "ChessBase"]
[SourceQuality "1"]
[TimeControl "40/5400+30:1800+30"]

1. d4 Nf6 2. c4 e6 3. Nc3 d5 4. Bg5 Be7 5. e3 O-O 6. Nf3 Nbd7 7. cxd5 Nxd5 8. Bxe7 Qxe7 9. Bd3 Nxc3 10. bxc3 c5 11. O-O Nf6 12. a4 cxd4 13. cxd4 b6 14. Qe2 Bb7 15. a5 Be4 16. Ne5 Bxd3 17. Qxd3 Nd7 18. Qb5 Nxe5 19. Qxe5 Qb7 20. Rfb1 Rfd8 21. axb6 axb6 22. Rxa8 Rxa8 23. Qb5 h6 24. h3 Rb8 25. f3 Qc7 26. e4 Qg3 27. d5 exd5 28. exd5 Rc8 29. Qxb6 Qg5 30. Qd4 Rc1+ 31. Rxc1 Qxc1+ 32. Kh2 Qc7+ 33. f4 Qd7 34. Kg3 f6 35. Kf3 Qd6 36. Qc4 Kf7 37. Qe4 g6 38. Qc4 g5 39. fxg5 hxg5 40. Qe4 Qd7 41. Qh7+ 1-0

[Event "Seniors-LEM-65 Sachsen-Anhalt 2024"]
[Site "Magdeburg"]
[Date "2024.07.07"]
[Round "7.11"]
[White "Matthey, Harald"]
[Black "Just, Joachim"]
[Result "1-0"]
[ECO "A13"]
[WhiteElo "2064"]
[BlackElo "1909"]
[Annotator "RC"]
[PlyCount "63"]
[EventDate "2024.06.25"]
[EventType "swiss"]
[EventCountry "GER"]
[SourceTitle "playchess.com"]
[Source "ChessBase"]
[SourceQuality "1"]
[TimeControl "40/5400+30:1800+30"]

1. Nf3 d5 2. g3 Nf6 3. Bg2 c6 4. O-O Nbd7 5. c4 e6 6. b3 Be7 7. Bb2 dxc4 8. bxc4 Qa5 9. d3 O-O 10. Nbd2 Qh5 11. h3 Re8 12. e4 Nc5 13. g4 Nxg4 14. hxg4 Qxg4 15. Qc2 Bf6 16. e5 Bg5 17. Nxg5 Qxg5 18. d4 Nd7 19. f4 Qh6 20. Rae1 f5 21. d5 cxd5 22. cxd5 Nf8 23. d6 Bd7 24. Bxb7 Rab8 25. Qc7 Rxb7 26. Qxb7 Ba4 27. Re2 Bc2 28. Qc6 Qh5 29. Rh2 Qg4+ 30. Rg2 Qh3 31. Qxe8 Qe3+ 32. Kh2 1-0

[Event "Seniors-LEM-65 Sachsen-Anhalt 2024"]
[Site "Magdeburg"]
[Date "2024.07.07"]
[Round "7.12"]
[White "Hess, Juergen"]
[Black "Krueger, Wolfgang"]
[Result "0-1"]
[ECO "B38"]
[WhiteElo "1958"]
[BlackElo "2054"]
[Annotator "RC"]
[PlyCount "41"]
[EventDate "2024.06.25"]
[EventType "swiss"]
[EventCountry "GER"]
[SourceTitle "playchess.com"]
[Source "ChessBase"]
[SourceQuality "1"]
[TimeControl "40/5400+30:1800+30"]

1. e4 c5 2. Nf3 Nc6 3. d4 cxd4 4. Nxd4 g6 5. c4 Bg7 6. Be3 Nf6 7. Nc3 O-O 8. Be2 d6 9. f3 Nxd4 10. Bxd4 Be6 11. O-O Nd7 12. Bxg7 Kxg7 13. Qd4+ Kg8 14. Rfc1 Qb6 15. Nb5 Rfc8 16. a4 a5 17. Qxb6 Nxb6 18. b3 Nd7 19. Rc3 Nc5 20. Kf2 Bd7 21. Nd4 0-1

[Event "Seniors-LEM-65 Sachsen-Anhalt 2024"]
[Site "Magdeburg"]
[Date "2024.07.07"]
[Round "7.13"]
[White "Wolff, Stefan"]
[Black "Lapp, Karl"]
[Result "1/2-1/2"]
[ECO "A28"]
[WhiteElo "1956"]
[BlackElo "2001"]
[Annotator "RC"]
[PlyCount "32"]
[EventDate "2024.06.25"]
[EventType "swiss"]
[EventCountry "GER"]
[SourceTitle "playchess.com"]
[Source "ChessBase"]
[SourceQuality "1"]
[TimeControl "40/5400+30:1800+30"]

1. c4 e5 2. Nc3 Nf6 3. Nf3 Nc6 4. d4 exd4 5. Nxd4 Bb4 6. Bg5 h6 7. Bh4 O-O 8. Rc1 Re8 9. e3 Nxd4 10. Qxd4 Bxc3+ 11. Qxc3 g5 12. Bg3 Ne4 13. Qc2 d6 14. Bd3 Bf5 15. O-O Qe7 16. Rfe1 b6 1/2-1/2

[Event "Seniors-LEM-65 Sachsen-Anhalt 2024"]
[Site "Magdeburg"]
[Date "2024.07.07"]
[Round "7.14"]
[White "Luebeck, Stephan"]
[Black "Schmidt, Gerhard"]
[Result "1/2-1/2"]
[ECO "D05"]
[WhiteElo "1942"]
[BlackElo "2112"]
[Annotator "RC"]
[PlyCount "35"]
[EventDate "2024.06.25"]
[EventType "swiss"]
[EventCountry "GER"]
[SourceTitle "playchess.com"]
[Source "ChessBase"]
[SourceQuality "1"]
[TimeControl "40/5400+30:1800+30"]

1. d4 Nf6 2. Nf3 d5 3. e3 e6 4. Nbd2 Be7 5. Bd3 c5 6. dxc5 Bxc5 7. O-O Nc6 8. c3 O-O 9. e4 Be7 10. exd5 exd5 11. Re1 Bg4 12. Nb3 Re8 13. Be3 Ne5 14. Be2 Nc4 15. Bxc4 dxc4 16. Nbd4 Nd5 17. h3 Bh5 18. Qa4 1/2-1/2

[Event "Seniors-LEM-65 Sachsen-Anhalt 2024"]
[Site "Magdeburg"]
[Date "2024.07.07"]
[Round "7.15"]
[White "Onasch, Gunnar"]
[Black "Andersen, Knut"]
[Result "1-0"]
[ECO "D04"]
[WhiteElo "1949"]
[BlackElo "2104"]
[Annotator "RC"]
[PlyCount "69"]
[EventDate "2024.06.25"]
[EventType "swiss"]
[EventCountry "GER"]
[SourceTitle "playchess.com"]
[Source "ChessBase"]
[SourceQuality "1"]
[TimeControl "40/5400+30:1800+30"]

1. Nf3 c5 2. b3 Nc6 3. Bb2 d5 4. e3 Bg4 5. d4 cxd4 6. exd4 Nf6 7. Be2 e6 8. O-O Bd6 9. c4 O-O 10. h3 Bf5 11. Nh4 Be4 12. Nc3 Ne7 13. Nxe4 Nxe4 14. Nf3 Ng6 15. Re1 Nf4 16. Bf1 f5 17. Bc1 Rf6 18. Ne5 Ng6 19. f3 Nxe5 20. fxe4 fxe4 21. dxe5 Bxe5 22. Rb1 Qb6+ 23. Be3 d4 24. Bg5 Rf5 25. Qg4 Raf8 26. Rxe4 d3+ 27. Be3 Qd6 28. Rxe5 Qxe5 29. Bd4 Qc7 30. Bxd3 Rf4 31. Qxe6+ Kh8 32. Be5 Qc5+ 33. Kh2 Rf3 34. Bd6 Qc6 35. Be4 1-0

[Event "Seniors-LEM-65 Sachsen-Anhalt 2024"]
[Site "Magdeburg"]
[Date "2024.07.07"]
[Round "7.16"]
[White "Lehr, Thomas"]
[Black "Bauer, Burkhard"]
[Result "1/2-1/2"]
[ECO "B22"]
[WhiteElo "1954"]
[BlackElo "2043"]
[Annotator "RC"]
[PlyCount "33"]
[EventDate "2024.06.25"]
[EventType "swiss"]
[EventCountry "GER"]
[SourceTitle "playchess.com"]
[Source "ChessBase"]
[SourceQuality "1"]
[TimeControl "40/5400+30:1800+30"]

1. e4 c5 2. c3 d6 3. d4 Nd7 4. Be3 Qc7 5. Nd2 Ngf6 6. Be2 e5 7. d5 Be7 8. g4 Nf8 9. g5 N6d7 10. Qc2 Qd8 11. Ngf3 Ng6 12. Rg1 Ndf8 13. Bb5+ Bd7 14. Qa4 a6 15. Bxd7+ Qxd7 16. Qxd7+ Kxd7 17. Nf1 1/2-1/2

[Event "Seniors-LEM-65 Sachsen-Anhalt 2024"]
[Site "Magdeburg"]
[Date "2024.07.07"]
[Round "7.17"]
[White "Heise, Juergen"]
[Black "Kopp, Peter"]
[Result "1-0"]
[ECO "E60"]
[WhiteElo "1930"]
[BlackElo "2014"]
[Annotator "RC"]
[PlyCount "57"]
[EventDate "2024.06.25"]
[EventType "swiss"]
[EventCountry "GER"]
[SourceTitle "playchess.com"]
[Source "ChessBase"]
[SourceQuality "1"]
[TimeControl "40/5400+30:1800+30"]

1. b3 d6 2. Bb2 Nf6 3. e3 g6 4. d4 Bg7 5. Nf3 O-O 6. c4 c6 7. Nc3 Nbd7 8. Be2 Re8 9. Qc2 e5 10. O-O-O a5 11. h4 h5 12. Nh2 Qe7 13. g4 Nxg4 14. Nxg4 hxg4 15. h5 exd4 16. exd4 Qg5+ 17. Kb1 gxh5 18. Ne4 Qg6 19. Bd3 f5 20. Ng3 Nf6 21. Nxf5 Bxf5 22. Bxf5 Qf7 23. Bg6 Qd7 24. Bxh5 Nxh5 25. Rxh5 Bf6 26. d5 Qf7 27. Rf5 Re5 28. Bxe5 dxe5 29. Qe4 1-0

[Event "Seniors-LEM-65 Sachsen-Anhalt 2024"]
[Site "Magdeburg"]
[Date "2024.07.07"]
[Round "7.18"]
[White "Funke, Arnold"]
[Black "Waltenberger, Udo"]
[Result "1/2-1/2"]
[ECO "D00"]
[WhiteElo "1902"]
[BlackElo "1993"]
[Annotator "NA RC"]
[PlyCount "57"]
[EventDate "2024.06.25"]
[EventType "swiss"]
[EventCountry "GER"]
[SourceTitle "playchess.com"]
[Source "ChessBase"]
[SourceQuality "1"]
[TimeControl "40/5400+30:1800+30"]

1. d4 Nf6 2. Nc3 d5 3. e4 dxe4 4. f3 exf3 5. Nxf3 g6 6. h3 {[%emt 0:01:07] D00: 1 d4 d5: Unusual lines.} Bg7 7. Bf4 O-O 8. Qd2 Nd5 9. Bh6 Nxc3 10. bxc3 e6 11. Bd3 c5 12. h4 Bxh6 (12... cxd4 13. Bxg7 Kxg7 14. h5 dxc3 15. Qf4) (12... f6 $11) 13. Qxh6 Qf6 14. h5 Qg7 15. Qf4 cxd4 16. O-O-O (16. h6 $14 Qh8 17. cxd4) 16... Nd7 17. cxd4 Nf6 18. hxg6 fxg6 19. Ne5 b6 20. Rh2 Bb7 21. Rdh1 Rae8 22. Qg5 $2 ({White should try} 22. Qe3 $18) 22... Be4 23. Qe3 Bxd3 24. Qxd3 Re7 25. g4 Rc7 26. g5 Nh5 27. Ng4 $15 (27. Qe3 $1 $11) 27... Kh8 28. Kb1 Rf5 29. Qe3 1/2-1/2

[Event "Seniors-LEM-65 Sachsen-Anhalt 2024"]
[Site "Magdeburg"]
[Date "2024.07.07"]
[Round "7.19"]
[White "Krieg, Peter"]
[Black "Christen, Pierre"]
[Result "1-0"]
[ECO "B10"]
[WhiteElo "1920"]
[BlackElo "1946"]
[Annotator "RC"]
[PlyCount "63"]
[EventDate "2024.06.25"]
[EventType "swiss"]
[EventCountry "GER"]
[SourceTitle "playchess.com"]
[Source "ChessBase"]
[SourceQuality "1"]
[TimeControl "40/5400+30:1800+30"]

1. e4 c6 2. d3 d5 3. Nf3 dxe4 4. Ng5 Nf6 5. Nc3 Bf5 6. dxe4 Qxd1+ 7. Kxd1 Bg6 8. f3 h6 9. Nh3 Nbd7 10. Be3 e6 11. Bd3 Bb4 12. Ke2 O-O 13. g4 Kh7 14. Nf4 Ne5 15. h4 h5 16. Bd4 Bd6 17. Rag1 Nxf3 18. Kxf3 hxg4+ 19. Rxg4 Nxg4 20. Kxg4 f5+ 21. exf5 Bxf5+ 22. Bxf5+ exf5+ 23. Kf3 Rad8 24. Ne6 c5 25. Nxf8+ Rxf8 26. Bf2 a6 27. Rd1 Rf6 28. Bg3 f4 29. Bf2 Bf8 30. Ne4 Rc6 31. Rd8 Kg8 32. Bxc5 1-0

[Event "Seniors-LEM-65 Sachsen-Anhalt 2024"]
[Site "Magdeburg"]
[Date "2024.07.07"]
[Round "7.24"]
[White "Mikolajewski, Armin"]
[Black "Bielfeldt, Michael"]
[Result "1-0"]
[ECO "D46"]
[WhiteElo "1961"]
[BlackElo "1810"]
[Annotator "RC"]
[PlyCount "47"]
[EventDate "2024.06.25"]
[EventType "swiss"]
[EventCountry "GER"]
[SourceTitle "playchess.com"]
[Source "ChessBase"]
[SourceQuality "1"]
[TimeControl "40/5400+30:1800+30"]

1. d4 d5 2. c4 c6 3. Nc3 e6 4. e3 Bd6 5. Nf3 Nf6 6. Bd3 Nbd7 7. e4 dxe4 8. Nxe4 Nxe4 9. Bxe4 Nf6 10. Bc2 h6 11. O-O O-O 12. Re1 Qc7 13. Ne5 c5 14. Qd3 cxd4 15. Ng4 Rd8 16. Nxf6+ gxf6 17. Qh7+ Kf8 18. Bxh6+ Ke7 19. Bg6 Bxh2+ 20. Kh1 Be5 21. f4 Bxf4 22. Qxf7+ Kd6 23. Bxf4+ e5 24. Qxf6+ 1-0

[Event "Seniors-LEM-65 Sachsen-Anhalt 2024"]
[Site "Magdeburg"]
[Date "2024.07.07"]
[Round "7.25"]
[White "Domsgen, Bernd"]
[Black "Boettcher, Frank"]
[Result "1-0"]
[ECO "B01"]
[WhiteElo "1963"]
[BlackElo "1848"]
[Annotator "RC"]
[PlyCount "99"]
[EventDate "2024.06.25"]
[EventType "swiss"]
[EventCountry "GER"]
[SourceTitle "playchess.com"]
[Source "ChessBase"]
[SourceQuality "1"]
[TimeControl "40/5400+30:1800+30"]

1. e4 d5 2. exd5 Nf6 3. d4 Nxd5 4. c4 Nb6 5. Be3 g6 6. Nf3 Bg7 7. Be2 Nc6 8. Nc3 Bg4 9. O-O O-O 10. c5 Nd5 11. Qd2 e5 12. Rad1 Bxf3 13. Bxf3 exd4 14. Nxd5 dxe3 15. Qxe3 Qc8 16. b4 Re8 17. Qd2 Ne5 18. Rfe1 c6 19. Ne3 Nxf3+ 20. gxf3 Qc7 21. Nc4 Bf8 22. Rxe8 Rxe8 23. Nd6 Rd8 24. Kg2 Bxd6 25. cxd6 Qd7 26. Qe3 a6 27. Qe7 Kg7 28. h4 h5 29. Rd4 Kg8 30. Qf6 Re8 31. Qf4 Re6 32. Kf1 Kg7 33. Qd2 Re5 34. Qc3 Kg8 35. f4 Re6 36. Qd3 Rf6 37. Kg2 Kg7 38. f3 Rf5 39. Qe4 Kf8 40. Kg3 Rb5 41. a4 Rf5 42. Rd1 b5 43. axb5 Rxb5 44. Qd4 Kg8 45. Qf6 Rb8 46. Qd4 Rd8 47. Kf2 Re8 48. Re1 Rd8 49. Qf6 Qxd6 50. Re8+ 1-0

[Event "Seniors-LEM-65 Sachsen-Anhalt 2024"]
[Site "Magdeburg"]
[Date "2024.07.07"]
[Round "7.27"]
[White "Krien, Hartmut"]
[Black "Hauke, Hans"]
[Result "1/2-1/2"]
[ECO "B01"]
[WhiteElo "1928"]
[BlackElo "1824"]
[Annotator "RC"]
[PlyCount "48"]
[EventDate "2024.06.25"]
[EventType "swiss"]
[EventCountry "GER"]
[SourceTitle "playchess.com"]
[Source "ChessBase"]
[SourceQuality "1"]
[TimeControl "40/5400+30:1800+30"]

1. e4 d5 2. exd5 Nf6 3. d4 Qxd5 4. c4 Qe4+ 5. Be3 e5 6. Nc3 Bb4 7. Qa4+ Nc6 8. O-O-O Bxc3 9. bxc3 exd4 10. cxd4 O-O 11. Nf3 Qe7 12. Bd3 Qb4 13. Qxb4 Nxb4 14. Bb1 Bg4 15. d5 Rfe8 16. h3 Bh5 17. a3 Na6 18. Bd4 Ne4 19. g4 Bg6 20. Nh4 Nac5 21. Bc2 b6 22. Rhg1 Nd6 23. Nxg6 hxg6 24. Bxc5 bxc5 1/2-1/2

[Event "Seniors-LEM-65 Sachsen-Anhalt 2024"]
[Site "Magdeburg"]
[Date "2024.07.07"]
[Round "7.28"]
[White "Niebuhr, Gerd"]
[Black "Gismann, Juergen"]
[Result "1-0"]
[ECO "A41"]
[WhiteElo "1917"]
[BlackElo "1813"]
[Annotator "RC"]
[PlyCount "45"]
[EventDate "2024.06.25"]
[EventType "swiss"]
[EventCountry "GER"]
[SourceTitle "playchess.com"]
[Source "ChessBase"]
[SourceQuality "1"]
[TimeControl "40/5400+30:1800+30"]

1. d4 d6 2. Nf3 g6 3. c4 Nd7 4. Nc3 a6 5. e4 Bg7 6. Be3 Ngf6 7. h3 O-O 8. Be2 e5 9. O-O exd4 10. Nxd4 Re8 11. Qc2 Nc5 12. f3 Ne6 13. Rad1 Nxd4 14. Bxd4 Nh5 15. Bxg7 Kxg7 16. f4 Ng3 17. Rf3 Qh4 18. Qd3 Nxe2+ 19. Nxe2 Qe7 20. Nc3 f5 21. Nd5 Qxe4 22. Qc3+ Kh6 23. Re3 1-0

[Event "Seniors-LEM-65 Sachsen-Anhalt 2024"]
[Site "Magdeburg"]
[Date "2024.07.07"]
[Round "7.29"]
[White "Kluever, Horst"]
[Black "Costello, Colin A"]
[Result "0-1"]
[ECO "C50"]
[WhiteElo "1850"]
[BlackElo "1911"]
[Annotator "RC"]
[PlyCount "66"]
[EventDate "2024.06.25"]
[EventType "swiss"]
[EventCountry "GER"]
[SourceTitle "playchess.com"]
[Source "ChessBase"]
[SourceQuality "1"]
[TimeControl "40/5400+30:1800+30"]

1. e4 e5 2. Bc4 Nf6 3. Nc3 Nc6 4. Nf3 Bc5 5. O-O O-O 6. h3 d6 7. d3 Be6 8. Bb3 Qe7 9. Be3 Bb6 10. Nd5 Bxd5 11. exd5 Na5 12. c4 c6 13. Bg5 cxd5 14. cxd5 Nxb3 15. Qxb3 h6 16. Bxf6 Qxf6 17. a4 Bc5 18. Nd2 Qe7 19. Ne4 Bd4 20. Nd2 f5 21. Nf3 Bc5 22. Rae1 Bb6 23. Qb4 Rae8 24. Qh4 Qf7 25. b4 Qxd5 26. Qc4 Qxc4 27. dxc4 e4 28. Nh4 g5 29. a5 Bc7 30. Ng6 Rf6 31. f3 Rxg6 32. fxe4 Rxe4 33. Rxe4 fxe4 0-1

[Event "Seniors-LEM-65 Sachsen-Anhalt 2024"]
[Site "Magdeburg"]
[Date "2024.07.07"]
[Round "7.30"]
[White "Neubauer, Uwe"]
[Black "Kynast, Reinhard"]
[Result "1/2-1/2"]
[ECO "A30"]
[WhiteElo "1827"]
[BlackElo "1901"]
[Annotator "NA RC"]
[PlyCount "64"]
[EventDate "2024.06.25"]
[EventType "swiss"]
[EventCountry "GER"]
[SourceTitle "playchess.com"]
[Source "ChessBase"]
[SourceQuality "1"]
[TimeControl "40/5400+30:1800+30"]

1. Nf3 c5 2. c4 Nf6 3. g3 d5 4. Nc3 d4 5. Nb5 a6 6. Na3 {[%emt 0:00:17] A30: Symmetrical English: Double Fianchetto and Hedgehog.} Nc6 7. d3 e5 8. e4 Be7 9. Bg2 O-O 10. Nc2 Bg4 11. a3 Nd7 12. Bd2 f5 13. h3 Bh5 14. exf5 e4 15. dxe4 Nde5 16. g4 Nd3+ 17. Kf1 Bf7 18. b3 b5 19. cxb5 axb5 20. Nfe1 Nxe1 21. Nxe1 Ne5 22. f4 Nc6 23. e5 Bd5 24. Nf3 c4 25. bxc4 bxc4 26. Bc1 Bc5 27. e6 Be4 28. Kf2 Qd5 29. Kg3 Rab8 $11 30. Rf1 Rb3 31. Kh2 c3 32. Ne1 Bxg2 1/2-1/2